 Dungeon Crawl Stone Soup version 0.29-a0-902-g0f71de6fce (webtiles) character file.

Game seed: 4199490434448115361

86805 Aviak the Fighter (level 15, -2/135 HPs)
             Began as a Demigod Ice Elementalist on July 24, 2022.
             Slain by Saint Roka
             ... wielding a +2 great mace of protection
              (13 damage)
             ... on level 1 of the Orcish Mines.
             The game lasted 01:25:56 (33054 turns).

Aviak the Fighter (Demigod Ice Elementalist)       Turns: 33054, Time: 01:25:57

Health: -2/135     AC: 21    Str: 17      XL:     15   Next: 2%
Magic:  0/51       EV: 11    Int: 33 (35) God:
Gold:   1792       SH: 11    Dex: 14      Spells: 7/33 levels left

rFire   + + +      SeeInvis .   g - +8 dagger of Classification {drain, rC+}
rCold   + . .      Faith    .   X - +1 kite shield {AC+3}
rNeg    + . .      Spirit   +   s - +0 fire dragon scales {rF++ rC-}
rPois   .          Reflect  .   k - +0 helmet of Elitism {Harm rC+ rN+}
rElec   .          Harm     +   q - +0 cloak
rCorr   +          Rampage  .   T - +0 pair of gloves
Will    ++...                   W - +0 pair of boots
Stlth   ..........              d - amulet "Githyl" {Spirit Will+ rCorr MP+9 Int+3}
HPRegen 0.32/turn               Z - ring "Sobliewu" {+Blink rF+ Int+3}
MPRegen 0.32/turn               J - ring of magical power

@: freezing walls
A: high MP 1, forlorn, divine attributes
a: Evoke Blink


You were on level 1 of the Orcish Mines.
You visited 3 branches of the dungeon, and saw 22 of its levels.
You also visited: Sewer, Bailey, Ice Cave and Volcano.

You collected 2558 gold pieces.
You spent 766 gold pieces at shops.

Inventory:

Hand Weapons
 g - the +8 dagger of Classification (weapon) {drain, rC+}
   (You found it on level 12 of the Dungeon)

   A truly terrible weapon, it drains the life of any living foe it strikes.
   rC:        It protects you from cold.
Armour
 k - the +0 helmet of Elitism (worn) {Harm rC+ rN+}
   (You acquired it on level 3 of the Lair of Beasts)

   rC:        It protects you from cold.
   rN:        It protects you from negative energy.
   Harm:      It increases damage dealt and taken.
 q - a +0 cloak (worn)
 s - +0 fire dragon scales (worn) {rF++ rC-}
 F - +0 ice dragon scales {rF- rC++}
 M - a +1 ring mail of poison resistance
 T - a +0 pair of gloves (worn)
 W - a +0 pair of boots (worn)
 X - a +1 kite shield of protection (worn)
Jewellery
 d - the amulet "Githyl" (around neck) {Spirit Will+ rCorr MP+9 Int+3}
   (You found it on level 3 of the Lair of Beasts)

   [amulet of guardian spirit]

   It causes incoming damage to be divided between your reserves of health and
   magic.
   Int:       It affects your intelligence (+3).
   MP:        It affects your magic capacity (+9).
   rCorr:     It protects you from acid and corrosion.
   Will:      It increases your willpower.
 m - a +6 ring of intelligence
 C - a ring of protection from cold
 J - a ring of magical power (right hand)
 N - an amulet of reflection
 Z - the ring "Sobliewu" (left hand) {+Blink rF+ Int+3}
   (You acquired it on level 3 of the Lair of Beasts)

   [ring of protection from fire]

   Int:       It affects your intelligence (+3).
   rF:        It protects you from fire.
   +Blink:    It lets you blink.
Wands
 L - a wand of polymorph (7)
 P - a wand of roots (9)
 Q - a wand of digging (5)
 R - a wand of flame (12)
 S - a wand of paralysis (22)
 U - a wand of mindburst (20)
Scrolls
 i - a scroll of fear {unknown}
 j - 13 scrolls of enchant armour
 o - 5 scrolls of fog
 t - 5 scrolls of teleportation
 u - a scroll of enchant weapon
 v - a scroll of brand weapon
 w - 4 scrolls of magic mapping
 x - 2 scrolls of blinking
 A - 3 scrolls of torment {!r}
 D - 8 scrolls of amnesia
 G - 3 scrolls of poison
 O - a scroll of vulnerability {!r}
 V - 6 scrolls of immolation
Potions
 a - 5 potions of flight
 b - 4 potions of magic
 c - 2 potions of curing
 e - 8 potions of might
 f - 5 potions of haste
 l - 4 potions of cancellation
 p - 8 potions of mutation {!q}
 r - 2 potions of lignification {!q}
 z - 6 potions of brilliance
 E - a potion of invisibility
 H - a potion of berserk rage
 I - 4 potions of attraction
 K - 5 potions of resistance
Miscellaneous
 n - a phantom mirror (inert)
 B - a lightning rod (inert)
 Y - a phantom mirror (inert)


   Skills:
 - Level 13.0 Fighting
 - Level 5.0 Short Blades
 - Level 12.6 Armour
 - Level 7.0 Dodging
 - Level 1.7 Stealth
 + Level 6.4 Shields
 - Level 9.5 Spellcasting
 - Level 9.0 Conjurations
 - Level 11.0 Fire Magic
 - Level 5.2 Ice Magic


You had 7 spell levels left.
You knew the following spells:

 Your Spells              Type           Power      Damage    Failure   Level
a - Freeze                Ice            100%       1d11      2%          1
b - Frozen Ramparts       Ice            100%       1d12      9%          3
c - Ozocubu's Armour      Ice            50%        N/A       9%          3
d - Hailstorm             Conj/Ice       58%        3d13      13%         4
e - Flame Wave            Conj/Fire      69%        2d13      4%          4
f - Sticky Flame          Conj/Fire      69%        2d8       4%          4
q - Searing Ray           Conj           100%       2d8       1%          2
w - Fireball              Conj/Fire      34%        3d14      11%         5

Your spell library contained the following spells:

 Spells                   Type           Power      Damage    Failure   Level
 Foxfire                  Conj/Fire      100%       2x1d9     1%          1
 Magic Dart               Conj           100%       1d8       1%          1
 Scorch                   Fire           100%       2d10      1%          2
 Conjure Flame            Conj/Fire      69%        6-21      1%          3
 Inner Flame              Hex/Fire       51%        N/A       8%          3
 Ensorcelled Hibernation  Hex/Ice        66%        N/A       12%         2
 Ignite Poison            Fire/Tmut/Pois 39%        N/A       16%         3
 Mephitic Cloud           Conj/Pois/Air  35%        N/A       22%         3
 Beastly Appendage        Tmut           30%        N/A       24%         1
 Call Imp                 Summ           15%        N/A       36%         2
 Wereblood                Tmut           15%        N/A       36%         2
 Fulminant Prism          Conj/Hex       22%        3d13      36%         4
 Starburst                Conj/Fire      34%        6d10      52%         6
 Call Canine Familiar     Summ           15%        N/A       58%         3
 Gell's Gravitas          Tloc           15%        N/A       58%         3
 Lesser Beckoning         Tloc           15%        N/A       58%         3
 Portal Projectile        Hex/Tloc       30%        N/A       58%         3
 Spider Form              Tmut/Pois      15%        N/A       58%         3
 Teleport Other           Tloc           15%        N/A       58%         3
 Tukima's Dance           Hex            15%        N/A       58%         3
 Anguish                  Hex/Necr       7%         N/A       94%         4
 Animate Armour           Summ/Erth      30%        N/A       94%         4
 Leda's Liquefaction      Hex/Erth       7%         N/A       94%         4
 Passage of Golubria      Tloc           15%        N/A       94%         4
 Iron Shot                Conj/Erth      22%        9d5       99%         6
 Blade Hands              Tmut           7%         N/A       100%        5
 Yara's Violent Unravell  Hex/Tmut       7%         3d5       100%        5
 Dispersal                Tloc           7%         N/A       100%        6
 Summon Cactus Giant      Summ           7%         N/A       100%        6
 Ozocubu's Refrigeration  Ice            25%        4d10      100%        7
 Ignition                 Fire           36%        3d11      100%        8


Dungeon Overview and Level Annotations

Branches:
Dungeon (15/15) Zot: 26653  Temple (0/1) D:7            Lair (5/5) D:9 Zot: 20844
 Shoals (0/4) Lair:2        Snake (0/4) Lair:2        Slime (0/5) Lair:5
    Orc (2/2) D:11 Zot: 10771  Vaults (0/5) D:13          Sewer (visited)
 Bailey (visited)           IceCv (visited)         Volcano (visited)
    Elf: Orc:2       Depths: D:15

Shops:
D:10 (   D:12 *   D:13 *

Portals:
Abyss: Lair:5

Annotations:
Lair:5 exclusion: 2 oklob plants
Orc:1 Saint Roka


Innate Abilities, Weirdness & Mutations

You have an increased reservoir of magic. (+10% MP)
You shall have no god before yourself.
Your divine heritage dramatically boosts your attributes as you level up.


Message History

Beogh smites you!
* * * LOW HITPOINT WARNING * * *
Okay, then.
Casting: Sticky Flame (mildly dangerous; 4% risk of failure)
Confirm with . or Enter, or press ? or * to list all spells.
Casting: Frozen Ramparts (mildly dangerous; 9% risk of failure)
Press: ? - help, Dir - look around, f - activate
There is a cloud of black smoke here.
Okay, then.
You feel much better.
Saint Roka burns!
Saint Roka invokes the aid of Beogh against you.
Beogh smites you!
* * * LOW HITPOINT WARNING * * *
Casting: Frozen Ramparts (mildly dangerous; 9% risk of failure)
Confirm with . or Enter, or press ? or * to list all spells.
Casting: Frozen Ramparts (mildly dangerous; 9% risk of failure)
Press: ? - help, Dir - look around, f - activate
There is a cloud of black smoke here.
The walls around you are covered in ice.
Saint Roka burns!
Saint Roka resists.
The wall freezes Saint Roka.
Saint Roka hits you with a +2 great mace of protection!
* * * LOW HITPOINT WARNING * * *
Aiming: Paralyse
Press: ? - help, Shift-Dir - straight line, f - Saint Roka
Aim: Saint Roka, wielding a +2 great mace of protection and wearing a +1 plate armour of cold resistance (black smoke, almost dead, covered in liquid flames, chance to affect: 7%)
Okay, then.
Blink to where?
Press: ? - help, Dir - move target
Okay, then.
Okay, then.
Okay, then.
Aiming: Quicksilver Bolt
Press: ? - help, Shift-Dir - straight line, f - Saint Roka
Aim: Saint Roka, wielding a +2 great mace of protection and wearing a +1 plate armour of cold resistance (black smoke, almost dead, covered in liquid flames, 88% to hit)
The bolt of dispelling energy hits Saint Roka but does no damage.
Saint Roka is almost dead.
Saint Roka's magical effects unravel!
The now-empty wand crumbles to dust.
Saint Roka resists.
The wall freezes Saint Roka.
Saint Roka hits you with a +2 great mace of protection!
You die...

### ##.## ######## #...#
##### ##.#.##.##
##.####.#.## #........#
##.###.....# ##...##.##
#...#...#.## #...#..##
###§........#
##.......####@§§..#..#.##
#.......###§§o§§.##...##
##.......#§§§§#§..#....#
##.#........§###.#.....##
#...#.##.....o[#[#..#.#.###
##.#####.......[..........##
### ##....><[......#....#
##.#)[.##..#.####.##
############# ###


You could see Saint Roka.

Vanquished Creatures
  A white draconian (IceCv)
  An ice dragon (IceCv)
  A fire dragon (Volcano)
  8 hydras
  2 boulder beetles (D:13)
  4 centaur warriors
  4 two-headed ogres
  6 death yaks (Lair:5)
  2 dancing weapons (D:13)
  An ironbound frostheart (IceCv)
  2 tengu warriors (D:14)
  3 thrashing horrors (Lair:5)
  4 sun demons (Volcano)
  The ghost of funkygono the Thaumaturge, a novice GrFE (D:9)
  A lindwurm (Lair:4)
  2 deep elf pyromancers (D:12)
  A mana viper (shapeshifter) (D:9)
  2 oklob plants (Lair:4)
  19 ugly things
  An orc sorcerer (D:7)
  2 manticores (D:11)
  A moth of wrath (shapeshifter) (D:13)
  4 cyclopes
  A merfolk siren (Lair:2)
  2 black mambas (shapeshifter)
  5 black mambas
  6 elephants (Lair:4)
  3 gargoyles (D:13)
  3 torpor snails
  A smoke demon (Lair:5)
  The ghost of Xoff the Magician, a novice GnHW of Vehumet (D:4)
  2 unseen horrors (D:11)
  5 cane toads
  Psyche (D:10)
  9 komodo dragons
  A kobold demonologist (D:9)
  10 rime drakes
  A tengu conjurer (D:14)
  5 trolls
  The ghost of WLBjork the Chopper, an amateur HOMo (D:4)
  A hornet (D:8)
  3 ancient zymes (Lair:5)
  3 meliai (D:15)
  A merfolk (Lair:2)
  Grinder (D:6)
  19 polar bears
  4 slime creatures (D:14)
  15 blink frogs
  A dream sheep (Lair:3)
  The ghost of wilfster70 the Trooper, an amateur GrFi (D:4)
  Sigmund (D:4)
  A centaur simulacrum (D:14)
  11 small abominations (Lair:5)
  3 shadows (D:9)
  Eustachio (D:6)
  2 spriggans (Lair:5)
  4 wyverns
  A ynoxinul (Lair:5)
  A vampire (D:12)
  The ghost of gabibbone the Slasher, an amateur DgWn (D:4)
  4 wraiths
  52 yaks
  A basilisk (shapeshifter) (D:9)
  7 basilisks
  2 neqoxecs (D:9)
  3 chaos spawn (Lair:5)
  3 steam dragons
  3 vampire mosquitoes (D:12)
  A warg (Orc:2)
  An acid dragon (D:9)
  A large abomination (Lair:5)
  3 hell hounds (Volcano)
  16 water moccasins
  20 orc warriors
  A sky beast (D:7)
  A black bear (D:6)
  The ghost of MoonlitKnight the Ruffian, an amateur TrGl of Wu Jian (D:4)
  4 ogres
  A boggart (shapeshifter) (D:9)
  8 wolves
  24 centaurs
  A phantom (D:7)
  2 kobold brigands
  16 bullfrogs
  3 necrophages
  2 scorpions
  8 wights
  6 killer bees (D:8)
  A killer bee (shapeshifter) (D:9)
  4 howler monkeys
  4 electric eels
  6 hounds
  A jelly (D:5)
  12 orc priests
  Jessica (D:3)
  3 iguanas
  20 orc wizards
  5 hell rats (Lair:2)
  Robin (D:4)
  10 adders
  2 river rats (Sewer)
  A shadow imp (D:6)
  2 white imps (D:6)
  An ufetubus (D:6)
  5 worms
  2 dart slugs (D:1)
  62 orcs
  7 endoplasms
  3 giant cockroaches
  23 goblins
  8 hobgoblins
  2 jackals (D:4)
  4 quokkas
  4 ball pythons
  7 bats
  5 frilled lizards
  25 kobolds
  24 rats
  A bush (Lair:4)
656 creatures vanquished.

Vanquished Creatures (others)
  A thrashing horror (Lair:5)
  A blink frog (Lair:5)
  13 fungi
  27 plants
42 creatures vanquished.

Grand Total: 698 creatures vanquished

Notes
Turn   | Place    | Note
-------+----------+-------------------------------------------
     0 | D:1      | Aviak the Demigod Ice Elementalist began the quest for the
                  | Orb.
     0 | D:1      | Reached XP level 1. HP: 14/14 MP: 5/5
   974 | D:2      | Reached XP level 2. HP: 22/22 MP: 5/7
  1080 | D:2      | Reached skill level 1 in Fighting
  1359 | D:2      | Reached XP level 3. HP: 28/28 MP: 9/9
  1420 | D:2      | Learned a level 3 spell: Frozen Ramparts
  2431 | D:3      | Noticed a scorpion
  2435 | D:3      | Killed a scorpion
  2436 | D:3      | Reached skill level 2 in Fighting
  2436 | D:3      | Reached XP level 4. HP: 10/37 MP: 4/10
  2769 | D:3      | Noticed Jessica
  2787 | D:3      | Killed Jessica
  2788 | D:3      | Reached XP level 5. HP: 29/44 MP: 6/11
  3401 | D:4      | Found a glowing drain.
  3417 | Sewer    | Entered a sewer
  3482 | Sewer    | Reached skill level 3 in Fighting
  3584 | Sewer    | Reached skill level 5 in Ice Magic
  3836 | Sewer    | Reached XP level 6. HP: 51/51 MP: 8/12
  3840 | Sewer    | Learned a level 3 spell: Ozocubu's Armour
  4463 | D:4      | Noticed Sigmund
  4479 | D:4      | Killed Sigmund
  4480 | D:4      | Reached skill level 4 in Fighting
  4724 | D:4      | Found a runed translucent gate.
  4724 | D:4      | Found a runed translucent gate.
  4724 | D:4      | Found a runed translucent gate.
  4726 | D:4      | Noticed gabibbone's ghost (amateur DgWn)
  4726 | D:4      | Noticed MoonlitKnight's ghost (amateur TrGl)
  4727 | D:4      | Noticed wilfster70's ghost (amateur GrFi)
  4727 | D:4      | Noticed WLBjork's ghost (amateur HOMo)
  4729 | D:4      | Noticed Xoff's ghost (novice GnHW)
  4879 | D:4      | Noticed Robin
  4891 | D:4      | Killed Robin
  5451 | D:5      | Entered Level 5 of the Dungeon
  5587 | D:5      | Reached XP level 7. HP: 37/56 MP: 11/15
  5595 | D:5      | Learned a level 2 spell: Searing Ray
  5935 | D:5      | Reached skill level 5 in Fighting
  5935 | D:5      | Reached skill level 1 in Conjurations
  6804 | D:6      | Reached XP level 8. HP: 60/70 MP: 17/17
  6808 | D:6      | Noticed Grinder
  6864 | D:6      | Reached skill level 6 in Fighting
  6893 | D:6      | Killed Grinder
  7416 | D:6      | Reached skill level 7 in Fighting
  7764 | D:6      | Noticed Eustachio
  7786 | D:6      | Killed Eustachio
  8052 | D:7      | Reached XP level 9. HP: 58/80 MP: 17/18
  8676 | D:6      | Learned a level 4 spell: Hailstorm
  8687 | D:7      | Reached skill level 8 in Fighting
  8689 | D:7      | Reached skill level 5 in Dodging
  8850 | D:7      | Noticed an orc sorcerer
  8858 | D:7      | Killed an orc sorcerer
  9106 | D:7      | Found a staircase to the Ecumenical Temple.
  9280 | D:7      | Reached skill level 9 in Fighting
  9636 | D:8      | Found a flagged portal.
  9650 | D:8      | Reached XP level 10. HP: 91/91 MP: 19/19
  9683 | Bailey   | Entered a bailey
 10165 | Bailey   | Reached skill level 10 in Fighting
 10166 | Bailey   | Reached skill level 5 in Spellcasting
 10750 | D:8      | Reached skill level 1 in Armour
 11070 | D:8      | Learned a level 4 spell: Flame Wave
 12025 | D:9      | Found a staircase to the Lair.
 12083 | D:9      | Identified 3 scrolls of acquirement
 12083 | D:9      | Acquired 765 gold pieces
 12108 | D:9      | Reached skill level 5 in Armour
 12302 | D:9      | Reached skill level 11 in Fighting
 12659 | D:9      | Reached XP level 11. HP: 90/102 MP: 24/24
 12850 | D:9      | Found a runed translucent gate.
 12850 | D:9      | Found a runed translucent gate.
 12850 | D:9      | Found a runed translucent gate.
 12851 | D:9      | Noticed a shock serpent
 12851 | D:9      | a slime creature changed into a shock serpent
 12862 | D:9      | Noticed a steelbarb worm
 13262 | D:4      | Killed Xoff's ghost
 13263 | D:4      | Killed gabibbone's ghost
 13265 | D:4      | Killed wilfster70's ghost
 13267 | D:4      | Killed WLBjork's ghost
 13267 | D:4      | Killed MoonlitKnight's ghost
 13513 | D:10     | Entered Level 10 of the Dungeon
 13541 | D:9      | Noticed a sea snake
 13541 | D:9      | a moth of wrath changed into a sea snake
 13563 | Lair:1   | Entered Level 1 of the Lair of Beasts
 13713 | Lair:1   | Reached skill level 1 in Fire Magic
 14416 | Lair:2   | Found a staircase to the Snake Pit.
 14472 | Lair:2   | Found a dark tunnel.
 14489 | Volcano  | Entered a volcano
 14563 | Volcano  | Noticed a sun demon
 14574 | Volcano  | Killed a sun demon
 14581 | Volcano  | Noticed a sun demon
 14660 | Volcano  | Killed a sun demon
 15001 | Volcano  | Noticed a sun demon
 15002 | Volcano  | Noticed a sun demon
 15019 | Volcano  | Killed a sun demon
 15019 | Volcano  | Killed a sun demon
 15020 | Volcano  | Reached skill level 10 in Armour
 15020 | Volcano  | Reached skill level 5 in Fire Magic
 15251 | Volcano  | Found the +2 cloak of the Thief {*Fog Slay-2 SInv Stlth+}
 15251 | Volcano  | Noticed a fire dragon
 15261 | Volcano  | Killed a fire dragon
 16520 | Lair:2   | Found a staircase to the Shoals.
 16537 | Lair:2   | Reached XP level 12. HP: 104/110 MP: 19/25
 17673 | Lair:3   | Acquired the +0 helmet of Elitism {Harm rC+ rN+}
 17686 | Lair:3   | Acquired the ring "Sobliewu" {+Blink rF+ Int+3}
 18049 | Lair:3   | Noticed an eight-headed hydra
 18067 | Lair:3   | Killed an eight-headed hydra
 18502 | Lair:3   | Noticed an eight-headed hydra
 18533 | Lair:3   | Killed an eight-headed hydra
 18594 | Lair:3   | Noticed an eight-headed hydra
 18604 | Lair:3   | Killed an eight-headed hydra
 19108 | Lair:3   | Reached skill level 5 in Conjurations
 19119 | Lair:3   | Identified the amulet "Githyl" {Spirit Will+ rCorr MP+9
                  | Int+3}
 19764 | Lair:4   | Reached skill level 12 in Fighting
 20341 | Lair:4   | Reached XP level 13. HP: 118/118 MP: 26/26
 20451 | Lair:4   | Learned a level 4 spell: Sticky Flame
 20529 | Lair:5   | Entered Level 5 of the Lair of Beasts
 20875 | Lair:5   | Found a staircase to the Slime Pits.
 21777 | Lair:5   | Reached skill level 10 in Fire Magic
 22002 | Lair:5   | Found a one-way gate to the infinite horrors of the Abyss.
 23605 | D:9      | Found a runed translucent gate.
 23605 | D:9      | Found a runed translucent gate.
 23607 | D:9      | Noticed funkygono's ghost (novice GrFE)
 23611 | D:9      | Found a runed translucent gate.
 23720 | D:9      | Killed funkygono's ghost
 23858 | D:10     | Found Meifoiph's Antique Weapon Emporium.
 23947 | D:10     | Noticed Psyche
 23956 | D:10     | Killed Psyche
 24216 | D:10     | Reached XP level 14. HP: 109/124 MP: 30/30
 24369 | D:10     | Learned a level 5 spell: Fireball
 24843 | D:10     | Bought a transparent whip for 232 gold pieces
 24843 | D:10     | Identified the +0 whip "Reaqat" {freeze, rCorr Int-2 Dex-4
                  | Stlth+} (You bought it in a shop on level 10 of the
                  | Dungeon)
 25633 | D:11     | You fall into a shaft and drop 1 floor!
 25646 | D:12     | Found Qetaxylufuy's Assorted Antiques.
 25655 | D:12     | Bought a scroll of identify for 66 gold pieces
 25655 | D:12     | Bought a scroll of identify for 66 gold pieces
 25655 | D:12     | Bought a potion of resistance for 330 gold pieces
 25827 | D:12     | Identified the +8 dagger of Classification {drain, rC+}
 26568 | D:12     | Reached skill level 1 in Short Blades
 27740 | D:13     | Found Peithiod's General Store.
 27776 | D:13     | Bought a scroll of identify for 24 gold pieces
 27776 | D:13     | Bought a potion of might for 48 gold pieces
 28121 | D:13     | Found a gate to the Vaults.
 28574 | D:14     | Reached skill level 13 in Fighting
 29332 | D:14     | Reached skill level 1 in Shields
 29840 | D:15     | Entered Level 15 of the Dungeon
 29840 | D:15     | Found a frozen archway.
 29893 | IceCv    | Entered an ice cave
 30329 | IceCv    | Reached skill level 5 in Short Blades
 30626 | IceCv    | Reached skill level 5 in Shields
 30998 | IceCv    | HP: 6/129 [ice dragon/blast of cold[an orange crystal
                  | statue] (28)]
 31809 | D:11     | Found a staircase to the Orcish Mines.
 31831 | Orc:1    | Entered Level 1 of the Orcish Mines
 32103 | Orc:2    | Entered Level 2 of the Orcish Mines
 32110 | Orc:2    | Noticed Saint Roka
 32120 | Orc:2    | Reached XP level 15. HP: 36/135 MP: 6/33
 32122 | Orc:1    | HP: 2/135 [orc warrior/+0 broad axe[Saint Roka] (21)]
 33054 | Orc:1    | Slain by Saint Roka

Illustrated notes

Levels and vault maps discovered:
D:1:      onia_arrival_pyramid, layout_basic,
          shapermc_ecumenical_altar_totnotflames, grunt_decor_cap
D:2:      layout_loops_ring
D:3:      layout_basic, uniq_jessica
D:4:      layout_loops_corners, nicolae_vehumet_altar_sigil,
          portal_sewer_entry_a, gammafunk_ghost_cemetery, nrook_campfire,
          uniq_sigmund, uniq_robin
D:5:      layout_basic, nemelex_dance_club_becter, mainiacjoe_overflow_paths,
          serial_bayou_pond_e
D:6:      layout_basic, kennysheep_okawaru_gauntlet, minivault_23,
          serial_bayou_pond_d, minmay_holes, uniq_eustachio, uniq_grinder
D:7:      cheibrodos_wizards_tower, layout_rooms, nicolae_wu_jian_wuxing_cycle,
          minmay_temple_entry_slanted
D:8:      layout_basic, fedhas_altar_3, enter_bailey_4
D:9:      layout_irregular_city, erik_lair_island,
          ploomutoo_gammafunk_ghost_potion_laboratory
D:10:     layout_irregular_city, nicolae_overflow_squiral,
          nicolae_inconvenience_store, uniq_psyche
D:11:     layout_roguey
D:12:     layout_basic, serial_shops, nicolae_shop_stone
D:13:     layout_roguey, erik_vaults_1, serial_shops, nicolae_shop_trees
D:14:     layout_rooms, elyvilon_altar_5
D:15:     grunt_enter_depths_magical_seal, layout_gridville,
          chequers_serial_rivers_micro_b, portal_ice_cave_entry_pillars_2
Lair:1:   layout_roguey
Lair:2:   layout_roguey, elwin_shoals_entry_rooms, dummy_snake_entry,
          enter_volcano_1, chequers_serial_rivers_micro_e, grunt_megastairs_2,
          serial_bayou_shore_a, serial_bayou_shore_b
Lair:3:   nzn_winding_woodlands_stair_cross [nzn_winding_woodlands_5x15_pool,
          nzn_winding_woodlands_center_garden,
          nzn_winding_woodlands_5x15_longhouse, nzn_winding_woodlands_5x5_cross,
          nzn_winding_woodlands_5x5_open_star,
          nzn_winding_woodlands_5x15_pockets,
          nzn_winding_woodlands_center_diamonds,
          nzn_winding_woodlands_5x15_sawtooth], layout_layer_cave,
          evilmike_ambush [evilmike_ambush_outer_pillars,
          evilmike_ambush_inner_basic]
Lair:4:   layout_misc_corridors, hangedman_tree_tricks, serial_bayou_pond_c
Lair:5:   hellmonk_lair_end_abyssal_woods, layout_hall_layers,
          minmay_slime_entry_oklob_open, lemuel_fruit_tree
Orc:1:    layout_caves, basic_altar, serial_shops, shop, uniq_josephine,
          uniq_nergalle
Orc:2:    st_orc_mages, layout_caves, uniq_maurice, uniq_saint_roka

Skill      XL: |  1  2  3  4  5  6  7  8  9 10 11 12 13 14 |
---------------+-------------------------------------------+-----
Spellcasting   | 2 3 4 6 8 9 |  9.5
Fighting       | 1 2 3 4 5 7 9 11 12 13 | 13.0
Ice Magic      | 4 5 |  5.2
Conjurations   | 3 4 6 8 9 |  9.0
Dodging        | 4 7 |  7.0
Armour         | 5 11 12 | 12.6
Fire Magic     | 6 8 10 11 | 11.0
Short Blades   | 5 |  5.0
Shields        | 6 |  6.4
Stealth        | |  1.7

Action                   |  1- 3 |  4- 6 |  7- 9 | 10-12 | 13-15 || total
-------------------------+-------+-------+-------+-------+-------++-------
Melee: Unarmed           |    11 |       |       |       |       ||    11
       Rapier            |    46 |     3 |       |       |       ||    49
       Punch             |     1 |     2 |     3 |     4 |     1 ||    11
       Dagger            |       |   113 |       |       |   137 ||   250
       Whip              |       |       |    82 |     7 |       ||    89
       Short sword       |       |       |       |   187 |    62 ||   249
 Cast: Freeze            |    55 |    41 |    49 |    67 |    39 ||   251
       Frozen Ramparts   |     2 |    10 |    30 |    70 |    67 ||   179
       Ozocubu's Armour  |       |     2 |     6 |    15 |    34 ||    57
       Searing Ray       |       |       |    20 |    37 |    22 ||    79
       Hailstorm         |       |       |     1 |    25 |     2 ||    28
       Flame Wave        |       |       |       |    30 |    93 ||   123
       Sticky Flame      |       |       |       |       |    38 ||    38
       Fireball          |       |       |       |       |    17 ||    17
Evoke: Wand              |       |       |       |     9 |     9 ||    18
       Lightning rod     |       |       |       |       |    11 ||    11
       Phantom mirror    |       |       |       |       |     1 ||     1
  Use: Scroll            |     3 |     5 |     5 |     9 |    14 ||    36
       Potion            |       |       |       |     2 |    11 ||    13
 Stab: Sleeping          |     3 |     3 |       |       |       ||     6
       Distracted        |     1 |       |       |       |       ||     1
Armor: Robe              |    17 |    25 |    21 |       |       ||    63
       Leather armour    |     5 |     1 |       |       |       ||     6
       Steam dragon scal |       |       |    38 |    47 |       ||    85
       Acid dragon scale |       |       |       |   138 |       ||   138
       Skin              |       |       |       |     5 |       ||     5
       Fire dragon scale |       |       |       |       |   341 ||   341
Dodge: Dodged            |    55 |    72 |   100 |   304 |   251 ||   782
Block: Other             |       |    27 |    42 |    97 |       ||   166
       Reflection        |       |     1 |     1 |       |       ||     2
       Kite shield       |       |       |       |       |   124 ||   124

Table legend: (Time is in decaauts)
 A = Elapsed time spent in this place.
 B = Non-inter-level travel time spent in this place.
 C = Inter-level travel time spent in this place.
 D = Time resting spent in this place.
 E = Time spent auto-exploring this place.
 F = Levels seen in this place.
 G = Mean time per level.
                   A        B        C        D        E       F      G
               +--------+--------+--------+--------+--------+-----+--------+
         Total |  33183 |  32252 |    931 |   6560 |  19659 |  26 | 1276.3 |
       Dungeon |  18640 |  17869 |    771 |   2144 |  13001 |  15 | 1242.7 |
          Lair |   9155 |   9014 |    141 |   1218 |   5876 |   5 | 1831.0 |
  Orcish Mines |   1227 |   1209 |     18 |    927 |    139 |   2 |  613.5 |
         Sewer |    705 |    705 |      0 |     36 |    456 |   1 |  705.0 |
        Bailey |    924 |    924 |      0 |    484 |      0 |   1 |  924.0 |
      Ice Cave |   1665 |   1665 |      0 |   1127 |    185 |   1 | 1665.0 |
       Volcano |    865 |    865 |      0 |    624 |      0 |   1 |  865.0 |
               +--------+--------+--------+--------+--------+-----+--------+

Top non-repeatable levels by time:
  Lair:5: 2941 daAuts
  Lair:3: 2235 daAuts
     D:9: 2054 daAuts
  Lair:2: 1729 daAuts
   IceCv: 1665 daAuts
    D:13: 1588 daAuts
     D:6: 1565 daAuts
     D:4: 1556 daAuts
    D:14: 1422 daAuts
  Lair:4: 1367 daAuts
     D:7: 1365 daAuts
     D:3: 1312 daAuts
    D:12: 1250 daAuts
     D:5: 1243 daAuts
    D:10: 1215 daAuts
